 Dungeon Crawl Stone Soup version 0.29.0-4-gdea44cf6ec (webtiles) character file.

Game seed: 10243262435457053519

56 qw the Caller (level 3, -4/29 HPs)
             Began as a Ghoul Summoner on Sept 9, 2022.
             Slain by Natasha (6 damage)
             ... on level 2 of the Dungeon.
             The game lasted 00:00:58 (2437 turns).

qw the Caller (Ghoul Summoner)                      Turns: 2437, Time: 00:00:58

Health: -4/29      AC:  8    Str: 13    XL:     3   Next: 97%
Magic:  4/4        EV:  9    Int: 10    God:
Gold:   100        SH:  0    Dex:  9    Spells: 4/5 levels left

rFire   + . .      SeeInvis .   Y - +0 hand axe
rCold   + . .      Faith    .   (no shield)
rNeg    + + +      Spirit   .   l - +0 scale mail
rPois   inf        Reflect  .   e - +2 hat
rElec   .          Harm     .   (no cloak)
rCorr   .          Rampage  .   (no gloves)
Will    .....                   (no boots)
Stlth   ..........              (no amulet)
HPRegen 0.00/turn               j - ring of protection from fire
MPRegen 0.09/turn               (no ring)

@: inhibited regen
A: claws 1, cold resistance 1, negative energy resistance 3, inhibited
regeneration, torment resistance 2, devour on kill
a: no special abilities


You were on level 2 of the Dungeon.
You visited 1 branch of the dungeon, and saw 4 of its levels.

You collected 100 gold pieces.


Innate Abilities, Weirdness & Mutations

You are immune to poison.
You have sharp fingernails.
Your flesh is cold resistant. (rC+)
You are immune to negative energy. (rN+++)
You do not regenerate when monsters are visible.
You are immune to unholy pain and torment.
You thrive by killing the living.


   Skills:
 - Level 2.0 Fighting
 + Level 2.4 Axes
 - Level 1.7 Dodging
 - Level 2.1 Stealth
 - Level 1.7 Spellcasting
 - Level 3.6 Summonings


You had 4 spell levels left.
You knew the following spells:

 Your Spells              Type           Power      Damage    Failure   Level
a - Summon Small Mammal   Summ           32%        N/A       36%         1

Your spell library contained the following spells:

 Spells                   Type           Power      Damage    Failure   Level
 Call Imp                 Summ           8%         N/A       50%         2
 Call Canine Familiar     Summ           8%         N/A       73%         3
 Summon Guardian Golem    Hex/Summ       4%         N/A       93%         3
 Summon Lightning Spire   Summ/Air       4%         N/A       100%        4

Inventory:

Hand Weapons
 d - a +0 whip
 Y - a +0 hand axe (weapon)
Armour
 e - a +2 hat (worn)
 l - a +0 scale mail (worn)
Jewellery
 j - a ring of protection from fire (left claw)
Scrolls
 i - a scroll of enchant weapon {unknown}
Potions
 a - 2 potions of haste
 b - a potion of attraction {unknown}
 c - a potion of might {unknown}
 f - 2 potions of curing {unknown}
 g - a potion of brilliance {unknown}
 h - a potion of mutation {unknown}
 k - a potion of heal wounds {unknown}
 m - a potion of ambrosia {unknown}

Dungeon Overview and Level Annotations

Branches:
Dungeon (4/15)
 Temple: D:4-7

Altars:

Shops:
D:2 *

Annotations:
D:2 Natasha


Message History

The dart slug is almost dead.
The dart slug bites you but does no damage.
You hit the dart slug.
You kill the dart slug!
You see here a dart slug corpse.
You now have 100 gold pieces (gained 14).
a - 2 potions of haste (gained 1)
There is a stone staircase leading down here.
Natasha, Servant of Life and Death comes into view.
Natasha hisses angrily.
You closely miss Natasha.
Natasha stares at you and mumbles some strange words.
The magic dart hits you. Natasha claws you but does no damage.
You hit Natasha.
Natasha is lightly wounded.
Natasha casts a spell.
You hit Natasha but do no damage.
Natasha is lightly wounded.
Natasha claws you.
You hit Natasha.
Natasha is moderately wounded.
You hit the iron imp but do no damage. Natasha barely misses you.
The iron imp hits you.
You barely miss Natasha.
Natasha is lightly wounded.
You hit the iron imp but do no damage. Natasha claws you but does no damage.
You barely miss Natasha.
Natasha is lightly wounded.
You hit the iron imp but do no damage. Natasha claws you.
The iron imp hits you. Natasha claws you.
You barely miss Natasha.
Natasha is lightly wounded.
You barely miss the iron imp. The iron imp barely misses you.
Natasha barely misses you.
You hit Natasha.
Natasha is moderately wounded.
You closely miss the iron imp. The iron imp barely misses you.
Natasha claws you.
You die...

#.#.#####...##
#.....#.......
#####.#....... ###
#......... ..
#.#....### #.
#......# # ###.####
###...## #..5...#
#...# #..h@..#
#...####
#.###..#######...#...
##................
.##.................
#....................
#.......#####........
#.##.##.# #.###.###
#. #. #.# #.# #.##. #
.. ..# #.###.##.


You could see an iron imp (summoned) and Natasha.

Vanquished Creatures
  An adder (D:2)
  A worm (D:2)
  3 dart slugs
  An orc (D:3)
  2 ball pythons
  2 bats
  3 endoplasms
  A giant cockroach (D:2)
  A goblin (D:3)
  4 hobgoblins
  3 quokkas
  A frilled lizard (D:2)
  2 kobolds (D:3)
  2 rats (D:2)
27 creatures vanquished.

Vanquished Creatures (collateral kills)
  2 ball pythons
  A giant cockroach (D:2)
  A goblin (D:4)
  A quokka (D:2)
  2 frilled lizards (D:2)
  A rat (D:3)
8 creatures vanquished.

Grand Total: 35 creatures vanquished

Notes
Turn   | Place    | Note
-------+----------+-------------------------------------------
     0 | D:1      | qw the Ghoul Summoner began the quest for the Orb.
     0 | D:1      | Reached XP level 1. HP: 14/14 MP: 2/2
     0 | D:1      | 0 ||| qw: Version: 0.1-a-113-g051387a
     0 | D:1      | 0 ||| qw: Game counter: 7319
     0 | D:1      | 0 ||| qw: Always use a shield: true
     0 | D:1      | 0 ||| qw: God list: Okawaru
     0 | D:1      | 0 ||| qw: Allow faded altars: false
     0 | D:1      | 0 ||| qw: Do Orc after D:15 true
     0 | D:1      | 0 ||| qw: Do second Lair branch before Depths: true
     0 | D:1      | 0 ||| qw: Lair rune preference: random
     0 | D:1      | 0 ||| qw: Plans: Normal
     0 | D:1      | 0 ||| PLANNING D:1-11
    11 | D:1      | 11 ||| CASTING Summon Small Mammal
    12 | D:1      | 12 ||| CASTING Summon Small Mammal
    94 | D:1      | 94 ||| CASTING Summon Small Mammal
    95 | D:1      | 95 ||| CASTING Summon Small Mammal
   107 | D:1      | 107 ||| CASTING Summon Small Mammal
   193 | D:1      | 193 ||| Wielding weapon +0 whip.
   217 | D:1      | Found a faded altar of an unknown god.
   330 | D:1      | 330 ||| CASTING Summon Small Mammal
   331 | D:1      | 331 ||| CASTING Summon Small Mammal
   342 | D:1      | Reached skill level 1 in Axes
   500 | D:1      | 500 ||| Stepping ~*~*~tactically~*~*~ (stealth).
   503 | D:1      | 503 ||| Stepping ~*~*~tactically~*~*~ (hiding).
   506 | D:1      | 506 ||| Stepping ~*~*~tactically~*~*~ (hiding).
   510 | D:1      | 510 ||| CASTING Summon Small Mammal
   511 | D:1      | 511 ||| CASTING Summon Small Mammal
   517 | D:1      | Reached XP level 2. HP: 15/22 MP: 0/3
   642 | D:1      | 642 ||| CASTING Summon Small Mammal
   643 | D:1      | 643 ||| CASTING Summon Small Mammal
   644 | D:1      | 644 ||| CASTING Summon Small Mammal
   654 | D:1      | 654 ||| CASTING Summon Small Mammal
   666 | D:1      | 666 ||| CASTING Summon Small Mammal
   672 | D:1      | Reached skill level 1 in Fighting
   794 | D:1      | 794 ||| SWAPPING to +0 hand axe.
   806 | D:1      | 806 ||| CASTING Summon Small Mammal
   807 | D:1      | 807 ||| CASTING Summon Small Mammal
   808 | D:1      | 808 ||| CASTING Summon Small Mammal
   859 | D:1      | 859 ||| CASTING Summon Small Mammal
  1163 | D:1      | 1163 ||| UPGRADING to +2 hat.
  1168 | D:1      | 1168 ||| UPGRADING to +0 leather armour.
  1178 | D:1      | 1178 ||| DROPPING +0 robe.
  1179 | D:1      | 1179 ||| READING scroll labelled JOMAYKHE DIYQ.
  1180 | D:1      | 1180 ||| READING scroll labelled JAKLIV HUOHU.
  1184 | D:1      | 1184 ||| READING scroll labelled CUSOIKH MATU.
  1185 | D:1      | 1185 ||| DROPPING potion of magic.
  1200 | D:2      | 1200 ||| CASTING Summon Small Mammal
  1201 | D:2      | 1201 ||| STAIRDANCE
  1231 | D:2      | 1231 ||| CASTING Summon Small Mammal
  1232 | D:2      | 1232 ||| CASTING Summon Small Mammal
  1233 | D:2      | 1233 ||| CASTING Summon Small Mammal
  1276 | D:2      | Found Iptis's General Store.
  1328 | D:2      | 1328 ||| Stepping ~*~*~tactically~*~*~ (hiding).
  1329 | D:2      | 1329 ||| CASTING Summon Small Mammal
  1330 | D:2      | 1330 ||| Stepping ~*~*~tactically~*~*~ (stealth).
  1331 | D:2      | 1331 ||| Stepping ~*~*~tactically~*~*~ (stealth).
  1332 | D:2      | 1332 ||| CASTING Summon Small Mammal
  1333 | D:2      | 1333 ||| CASTING Summon Small Mammal
  1353 | D:2      | 1353 ||| CASTING Summon Small Mammal
  1354 | D:2      | 1354 ||| CASTING Summon Small Mammal
  1407 | D:2      | 1407 ||| CASTING Summon Small Mammal
  1408 | D:2      | 1408 ||| CASTING Summon Small Mammal
  1469 | D:2      | 1469 ||| CASTING Summon Small Mammal
  1470 | D:2      | 1470 ||| CASTING Summon Small Mammal
  1471 | D:2      | 1471 ||| CASTING Summon Small Mammal
  1488 | D:2      | Reached XP level 3. HP: 25/28 MP: 1/4
  1534 | D:2      | 1534 ||| CASTING Summon Small Mammal
  1740 | D:2      | You fall into a shaft and drop 2 floors!
  1761 | D:4      | 1761 ||| CASTING Summon Small Mammal
  1762 | D:4      | 1762 ||| CASTING Summon Small Mammal
  1763 | D:4      | 1763 ||| CASTING Summon Small Mammal
  1764 | D:4      | 1764 ||| CASTING Summon Small Mammal
  1774 | D:4      | 1774 ||| CASTING Summon Small Mammal
  1844 | D:4      | 1844 ||| READING scroll labelled RIWNON ECSIG.
  1845 | D:4      | 1845 ||| READING scroll labelled ORIBOVVI AGAI.
  1846 | D:4      | 1846 ||| DRINKING 2 amethyst potions.
  1852 | D:3      | 1852 ||| CASTING Summon Small Mammal
  1853 | D:3      | 1853 ||| CASTING Summon Small Mammal
  1876 | D:3      | 1876 ||| CASTING Summon Small Mammal
  1877 | D:3      | 1877 ||| CASTING Summon Small Mammal
  1924 | D:3      | 1924 ||| CASTING Summon Small Mammal
  1925 | D:3      | 1925 ||| CASTING Summon Small Mammal
  1926 | D:3      | 1926 ||| CASTING Summon Small Mammal
  1927 | D:3      | 1927 ||| CASTING Summon Small Mammal
  1980 | D:3      | 1980 ||| CASTING Summon Small Mammal
  1981 | D:3      | 1981 ||| CASTING Summon Small Mammal
  1982 | D:3      | 1982 ||| CASTING Summon Small Mammal
  1983 | D:3      | 1983 ||| CASTING Summon Small Mammal
  1989 | D:3      | 1989 ||| Stepping ~*~*~tactically~*~*~ (stealth).
  1990 | D:3      | 1990 ||| CASTING Summon Small Mammal
  2021 | D:3      | 2021 ||| CASTING Summon Small Mammal
  2022 | D:3      | 2022 ||| CASTING Summon Small Mammal
  2023 | D:3      | 2023 ||| CASTING Summon Small Mammal
  2202 | D:3      | 2202 ||| UPGRADING to +0 scale mail.
  2212 | D:3      | 2212 ||| DROPPING +0 leather armour.
  2213 | D:3      | 2213 ||| UPGRADING to ring of protection from fire.
  2428 | D:2      | Noticed Natasha
  2435 | D:2      | HP: 2/29 [Natasha (6)]
  2437 | D:2      | Slain by Natasha

Levels and vault maps discovered:
D:1:      evilmike_arrival_plus, layout_basic,
          dreamdust_ecumenical_altar_statues, nrook_mini_vaults
D:2:      layout_loops_cross, serial_shops, shop, nicolae_shop_window_shopping,
          uniq_natasha
D:3:      layout_rooms, led_sif_pool, nrook_mini_backslash
D:4:      layout_cave_pods, pf_just_have_faith, hangedman_decor_diamond_cutter,
          uniq_crazy_yiuf_cottage

Skill      XL: |  1  2  3 |
---------------+----------+-----
Axes           | 1 2 |  2.4
Fighting       | 1 2 |  2.0
Dodging        | |  1.7
Stealth        | |  2.1
Spellcasting   | |  1.7
Summonings     | |  3.6

Action                   || total
-------------------------++-------
Melee: Whip              ||    19
       Unarmed           ||     5
       Hand axe          ||   132
       Punch             ||     2
 Cast: Summon Small Mamm ||    50
  Use: Scroll            ||     5
       Potion            ||     1
Armor: Robe              ||    12
       Leather armour    ||    37
       Scale mail        ||    13
Dodge: Dodged            ||    86

Table legend:
 A = Non-vault XP
 B = Vault XP
 C = Vault XP percentage of total XP
 D = Non-vault monster count
 E = Vault monster count
 F = Vault count percentage of total count
                 A         B        C        D         E       F
            +---------+---------+-------+---------+---------+-------
      Total |      81 |       0 |   0.0 |      35 |       0 |   0.0
            +---------+---------+-------+---------+---------+-------
        D:1 |      16 |       0 |   0.0 |       7 |       0 |   0.0
        D:2 |      42 |       0 |   0.0 |      15 |       0 |   0.0
        D:3 |      17 |       0 |   0.0 |      10 |       0 |   0.0
        D:4 |       6 |       0 |   0.0 |       3 |       0 |   0.0
            +---------+---------+-------+---------+---------+-------
